Map: Arctic Dream LE

Players

windex

  • Race: Terran Terran

SANDOVAL

  • Race: Protoss Protoss

Casey

  • Race: Terran Terran

RevMuun

  • Race: Zerg Zerg

VOD

Have the link to the VOD?

Description

Time

  • Played on: Dec. 27, 2021, 11:04 p.m.
  • Length: 17:50
Show
View Real Time Build Order
Export as new Build Order

windex Terran 

Build Orders:  

Get SALT Encoding   

  12  0:13  SCV  
  13  0:25  SCV  
  13  0:26  Supply Depot  
  14  0:36  Supply Depot  
  14  0:37  SCV  
  15  0:47  Supply Depot  
  15  1:10  Barracks  
  15  1:22  SCV  
  16  1:34  SCV  
  16  1:38  Barracks  
  17  1:46  Refinery  
  17  1:47  SCV  
  18  1:59  SCV  
  19  2:04  Marine  
  20  2:16  Bunker x2  
  21  2:26  Engineering Bay  
  20  2:36  Barracks Tech Lab  
  20  2:41  Marine  
  22  2:44  Orbital Command  
  21  2:59  Refinery  
  21  3:05  Barracks Reactor  
  21  3:12  Marine  
  22  3:28  Command Center  
  22  3:48  Combat Shield  
  22  3:58  SCV  
  23  4:10  SCV  
  23  4:12  Missile Turret  
  23  4:14  Missile Turret  
  24  4:22  SCV  
  25  4:26  Missile Turret  
  25  4:34  Marine x2, SCV  
  25  4:35  Marine  
  29  4:46  SCV  
  29  4:51  Factory  
  30  4:56  SCV  
  30  4:58  SCV  
  32  5:08  SCV  
  32  5:11  SCV  
  34  5:34  Factory Tech Lab  
  34  5:36  Marine  
  34  5:37  Marine  
  34  5:40  Reaper  
  37  5:45  Terran Infantry Weapons Level 1  
  37  5:55  Reaper x2  
  39  5:57  Starport, Supply Depot x2  
  39  5:58  Supply Depot  
  39  5:59  SCV  
  40  6:11  SCV  
  40  6:12  Marine  
  42  6:22  Refinery  
  42  6:23  SCV, Refinery  
  43  6:26  Marine  
  44  6:35  Siege Tank, SCV  
  47  6:47  SCV  
  47  6:52  Marine  
  47  6:53  Marine x2  
  44  7:00  SCV  
  40  7:07  Siege Tank  
  43  7:12  SCV  
  41  7:25  Marine x2  
  41  7:26  Marine  
  37  7:39  Siege Tank  
  34  7:58  Marine x2  
  35  8:05  SCV  
  35  8:11  Siege Tank  
  38  8:16  Marine x2  
  38  8:17  Supply Depot, SCV  
  41  8:20  Supply Depot  
  41  8:22  Supply Depot  
  41  8:32  SCV  
  41  8:33  Marine  
  41  8:34  Marine, Medivac  
  46  8:43  Siege Tank  
  46  8:44  SCV  
  50  8:51  Marine  
  50  8:52  Marine  
  52  8:56  SCV  
  53  9:04  Medivac  
  53  9:08  SCV  
  53  9:09  Marine x2  
  57  9:15  Siege Tank  
  61  9:20  SCV  
  62  9:27  Marine x2  
  59  9:32  SCV  
  60  9:44  SCV  
  60  9:45  Marine x2  
  63  9:48  Widow Mine  
  65  10:09  SCV, Widow Mine  
  65  10:10  Starport  
  65  10:12  Starport  
  68  10:21  SCV  
  69  10:31  Widow Mine  
  69  10:34  SCV  
  72  10:52  Siege Tank  
  70  11:22  Marine x2  
  70  11:24  Siege Tank  
  75  11:40  Marine x2  
  75  11:45  Viking  
  74  11:56  Siege Tank  
  74  11:58  Marine  
  78  12:02  Marine  
  70  12:15  Marine, Viking  
  70  12:19  Marine  
  74  12:22  Starport Tech Lab  
  74  12:23  Starport Tech Lab  
  74  12:28  Siege Tank  
  77  12:33  Marine  
  78  13:02  Supply Depot x4  
  78  13:04  Supply Depot  
  78  13:11  Fusion Core  
  78  13:23  Marine x2, Medivac  
  82  13:41  Marine x2  
  86  13:59  Marine  
  87  14:11  Starport Tech Lab  
  85  14:37  Marine x2  
  87  14:41  Battlecruiser  
  93  14:55  Marine x2  
  95  15:12  Marine  
  95  15:13  Marine  
  96  15:29  Siege Tank  
  96  15:30  Marine x2  
  93  15:45  Battlecruiser  
  93  15:48  Marine x2  
  101  16:01  Siege Tank  
  104  16:06  Marine x2  
  106  16:23  Supply Depot x2  
  106  16:24  Marine x2, Supply Depot  
  108  16:27  Supply Depot  
  108  16:30  Supply Depot  
  108  16:34  Hellion  
  107  16:42  Marine x2  
  115  16:55  Siege Tank  
  115  16:59  Marine  
  115  17:00  Marine  
  120  17:13  Command Center  
  120  17:14  Command Center  
  120  17:17  Marine x2  
Show
View Real Time Build Order
Export as new Build Order

SANDOVAL Protoss 

Build Orders:  

Get SALT Encoding   

  12  0:24  Probe (Chrono Boost)  
  13  0:29  Pylon  
  13  0:35  Probe (Chrono Boost)  
  14  0:37  Pylon  
  14  0:39  Probe (Chrono Boost)  
  15  0:51  Probe  
  15  0:54  Gateway  
  15  0:56  Assimilator  
  16  1:03  Probe  
  17  1:14  Gateway  
  17  1:17  Probe (Chrono Boost)  
  18  1:28  Probe (Chrono Boost)  
  19  1:33  Probe (Chrono Boost)  
  20  1:42  Gateway  
  20  1:45  Cybernetics Core  
  20  1:46  Probe  
  21  2:00  Pylon  
  21  2:06  Assimilator  
  21  2:07  Probe  
  22  2:11  Zealot  
  22  2:14  Zealot  
  26  2:19  Probe, Warp Gate (Chrono Boost)  
  27  2:30  Adept  
  29  2:45  Pylon  
  29  2:47  Pylon  
  29  2:48  Stalker  
  31  2:52  Adept  
  33  3:08  Stalker  
  35  3:17  Robotics Facility  
  35  3:43  Nexus  
  35  3:46  Probe  
  36  3:51  Stalker  
  38  3:59  Probe  
  39  4:05  Twilight Council, Observer  
  40  4:14  Stalker  
  42  4:19  Stalker  
  44  4:26  Observer  
  45  4:34  Probe  
  46  4:41  Assimilator  
  46  4:43  Assimilator  
  46  4:46  Probe  
  46  4:47  Charge  
  46  4:48  Observer  
  48  4:57  Forge  
  48  5:02  Probe  
  48  5:03  Probe  
  50  5:14  Probe  
  50  5:15  Probe  
  52  5:26  Probe  
  52  5:27  Probe  
  54  5:32  Stalker, Zealot  
  54  5:33  Zealot, Protoss Ground Weapons Level 1  
  60  5:39  Probe  
  60  5:40  Probe  
  62  5:52  Probe x2  
  64  6:05  Forge  
  64  6:08  Pylon  
  64  6:10  Probe  
  65  6:12  Probe, Gateway  
  66  6:22  Probe  
  66  6:24  Probe, Pylon  
  68  6:26  Resonating Glaives  
  68  6:28  Pylon  
  68  6:31  Pylon  
  68  6:34  Probe  
  68  6:37  Probe  
  70  6:52  Zealot x2  
  70  6:53  Zealot  
  57  7:11  Zealot  
  57  7:12  Immortal  
  53  7:18  Gateway  
  53  7:19  Pylon  
  53  7:27  Zealot  
  53  7:28  Stalker, Zealot  
  59  7:30  Protoss Ground Armor Level 1  
  55  8:02  Stalker, Zealot  
  55  8:03  Stalker, Zealot  
  63  8:07  Blink  
  63  8:22  Zealot  
  63  8:23  Stalker  
  67  8:27  Nexus  
  67  8:28  Protoss Ground Weapons Level 2  
  67  8:29  Assimilator  
  67  8:33  Assimilator  
  67  8:38  Gateway  
  67  8:40  Gateway  
  67  8:44  Gateway  
  67  8:50  Stalker  
  67  8:51  Adept, Stalker  
  67  8:52  Stalker, Zealot  
  77  9:06  Probe x2  
  79  9:14  Robotics Bay  
  79  9:17  Pylon  
  79  9:18  Probe x2  
  79  9:22  Stalker  
  79  9:23  Stalker, Zealot x2  
  89  9:25  Stalker  
  91  9:36  Immortal  
  95  9:49  Probe x3  
  98  9:55  Pylon  
  98  9:59  Stalker, Zealot  
  102  10:01  Adept  
  56  10:22  Adept  
  56  10:23  Zealot x2  
  56  10:24  Stalker, Zealot  
  56  10:25  Adept  
  56  10:26  Zealot  
  64  10:42  Adept  
  54  10:43  Zealot  
  54  10:44  Stalker  
  54  10:45  Adept  
  54  10:46  Immortal  
  54  10:48  Zealot  
  63  10:50  Zealot  
  61  11:01  Zealot  
  61  11:02  Zealot  
  61  11:03  Zealot  
  56  11:05  Zealot  
  56  11:06  Zealot  
  56  11:07  Zealot  
  56  11:08  Zealot  
  60  11:21  Adept  
  60  11:22  Zealot  
  58  11:33  Probe x3  
  61  11:41  Assimilator  
  61  11:45  Probe x2  
  63  11:48  Adept  
  63  11:49  Zealot x2  
  63  11:50  Zealot  
  63  11:51  Adept, Zealot  
  71  12:20  Zealot x4  
  71  12:21  Zealot x2  
  71  12:22  Colossus  
  81  12:41  Zealot x3  
  81  12:42  Adept, Zealot  
  81  12:43  Zealot  
  73  13:12  Zealot x2  
  69  13:13  Adept, Zealot x2  
  69  13:14  Zealot  
  69  13:18  Dark Shrine  
  69  13:20  Gateway  
  69  13:23  Probe (Chrono Boost)  
  68  13:33  Probe (Chrono Boost), Assimilator  
  69  13:38  Probe (Chrono Boost)  
  70  13:46  Pylon  
  62  13:49  Probe  
  59  14:00  Stalker, Zealot x3  
  59  14:01  Adept, Probe  
  59  14:02  Zealot  
  72  14:03  Protoss Ground Armor Level 2, Protoss Ground Weapons Level 3  
  72  14:05  Immortal  
  76  14:14  Stargate  
  76  14:16  Stargate  
  76  14:19  Stargate  
  76  14:24  Probe  
  76  14:25  Probe x2  
  79  14:34  Adept, Stalker, Zealot  
  79  14:35  Zealot x3  
  79  14:37  Stalker  
  93  14:48  Warp Prism  
  93  14:52  Gravitic Boosters  
  89  15:19  Void Ray x2  
  89  15:20  Zealot x3  
  89  15:21  Stalker, Zealot x2  
  81  15:22  Stalker  
  81  15:49  Extended Thermal Lance  
  79  15:58  Zealot  
  79  15:59  Stalker, Zealot  
  79  16:00  Dark Templar x2  
  79  16:01  Stalker, Dark Templar  
  93  16:08  Nexus  
  93  16:30  Zealot  
  93  16:31  Zealot x2, Dark Templar  
  101  16:33  Stalker, Zealot  
  101  16:34  Zealot  
  107  16:45  Void Ray  
  107  16:46  Void Ray  
  111  17:03  Cybernetics Core  
  111  17:07  Fleet Beacon  
  111  17:40  Stalker x2  
  111  17:41  Stalker x4  
  111  17:42  Stalker  
Show
View Real Time Build Order
Export as new Build Order

Casey Terran 

Build Orders:  

Get SALT Encoding   

  12  0:01  SCV  
  13  0:13  SCV  
  14  0:23  Supply Depot  
  14  0:25  SCV  
  15  0:45  SCV  
  16  0:50  Barracks  
  16  0:57  SCV  
  17  1:07  Refinery  
  17  1:09  SCV  
  18  1:14  Refinery  
  18  1:21  SCV  
  19  1:33  SCV  
  20  1:41  Barracks  
  20  1:45  Marine, SCV  
  22  1:56  Supply Depot  
  22  1:57  SCV  
  23  2:03  Barracks Reactor  
  23  2:18  SCV  
  24  2:30  SCV  
  24  2:31  Engineering Bay  
  25  2:44  Supply Depot  
  25  2:50  Marine x2  
  27  2:54  Barracks Tech Lab  
  27  2:58  Terran Infantry Weapons Level 1  
  27  3:06  Supply Depot  
  27  3:08  Marine x2  
  29  3:25  Marine  
  29  3:26  Marine  
  31  3:29  Combat Shield  
  31  3:32  Marauder  
  33  3:42  Supply Depot  
  33  3:43  Marine x2  
  35  3:54  Marauder  
  37  4:06  Command Center  
  37  4:15  Marauder  
  39  4:23  Factory  
  39  4:25  Marine x2  
  41  4:37  Marauder  
  43  4:43  Marine  
  44  4:58  Marauder  
  46  5:01  SCV  
  47  5:13  SCV  
  48  5:15  Supply Depot  
  48  5:25  SCV  
  49  5:29  Terran Infantry Armor Level 1  
  49  5:30  Stimpack  
  49  5:32  Marine x2  
  51  5:38  Supply Depot, SCV  
  51  5:39  Factory Tech Lab  
  51  5:42  Marauder  
  54  5:48  SCV  
  54  5:49  Marine  
  55  5:50  Marine, SCV  
  58  6:00  SCV  
  58  6:01  Supply Depot  
  58  6:02  SCV  
  60  6:12  SCV  
  60  6:14  SCV  
  62  6:23  Supply Depot  
  62  6:25  SCV  
  63  6:27  SCV  
  64  6:33  Siege Tank  
  64  6:37  SCV  
  64  6:39  SCV  
  69  6:49  SCV  
  69  6:51  SCV  
  68  7:01  SCV  
  62  7:03  SCV  
  62  7:05  Siege Tank  
  57  7:16  SCV  
  52  7:42  Marine x3  
  54  7:45  Siege Tank  
  55  8:00  Marine x3  
  55  8:03  Command Center  
  55  8:18  Marine, Siege Tank  
  55  8:19  Marauder  
  61  8:23  Marine  
  62  8:35  Marine  
  62  8:40  Marine, Marauder  
  66  8:46  Armory  
  66  8:50  Siege Tank  
  66  8:53  Marine  
  70  8:55  Factory  
  70  8:58  Marine  
  70  9:01  Marauder  
  73  9:07  Refinery  
  73  9:09  Refinery  
  73  9:11  Marine  
  73  9:15  Concussive Shells  
  73  9:16  Marine  
  75  9:22  Marine, Siege Tank  
  79  9:26  SCV  
  80  9:34  Marine x2  
  80  9:38  SCV  
  83  9:40  Marine  
  83  9:42  Factory Reactor  
  84  9:50  SCV  
  84  9:52  Marine x2  
  86  9:54  Siege Tank  
  86  9:58  Marauder  
  92  10:02  SCV  
  93  10:10  Marine x2  
  94  10:14  SCV  
  94  10:20  Marauder  
  94  10:26  Siege Tank  
  94  10:28  Marine x2  
  98  10:41  Marauder  
  95  10:58  Siege Tank  
  70  11:30  Siege Tank  
  70  11:32  Marine x3  
  71  11:43  SCV  
  72  11:47  Hellion x2  
  72  11:50  Marine x3  
  79  11:55  SCV  
  78  12:02  Siege Tank  
  78  12:07  Marine, SCV  
  78  12:08  Marine x2  
  84  12:09  Hellion x2  
  77  12:19  SCV  
  78  12:25  Marine  
  78  12:26  Marauder  
  78  12:30  Hellion x2  
  78  12:31  SCV  
  78  12:34  Siege Tank  
  86  12:48  Marauder  
  75  12:51  Hellion x2  
  77  13:06  Siege Tank  
  70  13:22  Marine x3  
  75  13:27  Hellion x2  
  77  13:37  Refinery  
  77  13:39  Siege Tank  
  77  13:40  Marine x3, Refinery  
  78  13:41  Terran Infantry Weapons Level 2  
  78  13:44  Smart Servos  
  78  13:47  Terran Vehicle Weapons Level 1  
  73  13:48  Hellion x2  
  73  13:58  Marine x3  
  73  14:00  Starport  
  76  14:05  Starport  
  76  14:10  Hellion x2  
  76  14:11  Siege Tank  
  76  14:16  Marine x3  
  80  14:31  Hellion x2  
  80  14:43  Siege Tank  
  83  14:54  Starport Reactor  
  83  14:55  Starport Tech Lab  
  83  15:13  Starport  
  79  15:15  Siege Tank  
  79  15:51  Starport  
  71  16:10  Medivac x2  
  75  16:12  Marine  
  75  16:13  Marine  
  75  16:16  Marauder  
  79  16:18  Viking  
  81  16:30  Marine x2  
  83  16:38  Marauder  
  141  16:40  Medivac x2  
  83  16:48  Marine x2, Viking  
  60  16:59  Marauder  
  43  17:06  Marine x2  
  38  17:09  Medivac  
  38  17:10  Medivac  
  46  17:27  Hellion  
Show
View Real Time Build Order
Export as new Build Order

RevMuun Zerg 

Build Orders: Hatch First 

Get SALT Encoding   

  12  0:01  Drone  
  13  0:13  Overlord  
  13  0:19  Drone  
  14  0:32  Drone x2  
  16  0:51  Hatchery  
  16  0:53  Drone  
  16  1:03  Drone  
  17  1:07  Drone, Extractor  
  17  1:17  Spawning Pool  
  16  1:20  Drone  
  17  1:33  Drone x2  
  19  1:57  Overlord  
  19  2:04  Queen  
  19  2:05  Queen  
  19  2:06  Zergling x2  
  19  2:07  Zergling x2  
  25  2:13  Zergling x2  
  25  2:14  Zergling x2  
  25  2:15  Zergling x2  
  28  2:28  Zergling x2  
  28  2:29  Zergling x2  
  30  2:33  Metabolic Boost  
  30  2:47  Drone x2  
  30  2:49  Drone x2  
  34  2:55  Overlord  
  34  2:56  Overlord  
  34  3:09  Zergling x2  
  35  3:14  Evolution Chamber  
  35  3:15  Drone  
  35  3:16  Drone  
  35  3:17  Drone x2  
  38  3:33  Drone x2  
  40  3:35  Drone x2  
  40  3:38  Extractor  
  40  3:41  Zerg Melee Weapons Level 1  
  41  3:46  Zergling x2  
  42  3:50  Roach Warren  
  42  3:55  Zergling x4  
  43  3:56  Zergling x6  
  45  4:23  Drone, Zergling x2  
  47  4:26  Drone x3  
  47  4:27  Drone  
  47  4:29  Overlord  
  47  4:30  Overlord  
  51  4:46  Lair  
  51  4:58  Drone  
  51  4:59  Drone  
  53  5:00  Drone x2  
  53  5:01  Baneling Nest  
  54  5:21  Queen  
  54  5:24  Hatchery  
  55  5:42  Roach  
  59  5:43  Roach x5  
  59  5:46  Overlord x2  
  59  5:47  Overlord x4  
  59  5:49  Centrifugal Hooks  
  67  5:56  Drone  
  68  6:04  Baneling x5  
  68  6:05  Baneling x2  
  68  6:18  Roach x2  
  58  6:47  Overseer  
  58  6:48  Overseer  
  58  7:15  Extractor  
  57  7:16  Zerg Melee Weapons Level 2  
  57  7:17  Roach x3  
  57  7:18  Roach x3  
  57  7:20  Drone x3  
  66  7:45  Roach x2  
  66  7:46  Roach x5  
  66  7:47  Roach x2  
  80  7:53  Drone x2  
  80  7:54  Drone  
  77  8:35  Extractor  
  76  8:43  Overseer  
  76  8:44  Hatchery  
  75  8:49  Infestation Pit  
  75  8:50  Roach x3  
  75  8:51  Roach x5  
  90  9:06  Roach x2  
  94  9:11  Queen  
  96  9:23  Drone, Extractor  
  96  9:58  Queen  
  96  9:59  Drone  
  99  10:03  Drone, Overlord x2  
  78  10:16  Zerg Missile Weapons Level 1  
  62  10:42  Roach x2  
  66  10:43  Roach x3  
  66  10:47  Roach x5  
  82  10:50  Roach x5  
  82  10:51  Roach x3  
  96  11:10  Glial Reconstitution  
  96  11:12  Roach x2  
  96  11:13  Roach  
  96  11:14  Roach  
  96  11:17  Roach x3  
  106  11:20  Drone  
  106  11:21  Drone x2  
  98  12:22  Drone  
  98  12:23  Drone x2  
  98  12:24  Roach x2  
  98  12:26  Roach x3  
  110  12:31  Roach x3  
  84  12:55  Roach  
  84  12:56  Roach x3  
  92  13:04  Extractor  
  87  13:09  Spire  
  86  13:13  Roach x2  
  86  13:14  Roach x4  
  96  13:36  Roach x2  
  96  13:37  Roach x4  
  100  13:42  Drone x4  
  100  13:43  Drone x5  
  99  13:56  Hatchery  
  99  13:58  Roach  
  99  14:00  Roach x2  
  99  14:01  Roach x6  
  99  14:02  Roach  
  108  14:03  Zerg Missile Weapons Level 2  
  108  14:05  Roach x3  
  108  14:06  Roach x2  
  116  14:38  Roach x2  
  116  14:39  Roach x3  
  124  14:50  Roach x2  
  124  14:51  Roach x6  
  124  14:52  Roach x2  
  144  14:55  Overlord x4  
  144  14:56  Overlord x2  
  96  15:28  Mutalisk  
  96  15:29  Mutalisk x5  
  96  15:30  Mutalisk x5  
  106  16:07  Roach x3  
  106  16:08  Roach x6  
  106  16:09  Roach x3  
  130  16:24  Roach  
  130  16:25  Roach x3  
Tags
 
Add a new tag
Caveats
  • Supply blocks, unpowered buildings, or Contaminate may cause inaccurate times.
  • Supply counts are checked every 10 seconds.